 Dungeon Crawl Stone Soup version 0.28-a0-823-gb444dcf96d (webtiles) character file.

Game seed: 17836056168705612929

12012 Tinkle the Severer (level 11, 0/99 HPs)
             Began as a Minotaur Berserker on Nov 10, 2021.
             Was an Elder of Trog.
             Slain by a tengu warrior (10 damage)
             ... on level 10 of the Dungeon.
             The game lasted 00:47:20 (11901 turns).

Tinkle the Severer (Minotaur Berserker)            Turns: 11901, Time: 00:47:21

Health: 0/99       AC: 13    Str: 25    XL:     11   Next: 56%
Magic:  10/10      EV:  7    Int:  4    God:    Trog [****..]
Gold:   535        SH: 10    Dex: 10    Spells: 10/10 levels left

rFire   . . .      SeeInvis .   a - +0 war axe
rCold   . . .      Faith    .   p - +0 kite shield
rNeg    . . .      Spirit   .   J - +0 plate armour
rPois   .          Reflect  .   (helmet restricted)
rElec   .          Harm     .   L - scarf {shadows}
rCorr   .          Rampage  .   (no gloves)
Will    .....                   t - +0 pair of boots
Stlth   ..........              (no amulet)
HPRegen 0.26/turn               (no ring)
MPRegen 0.12/turn               (no ring)

@: about to teleport
A: horns 2, retaliatory headbutt
a: Renounce Religion, Berserk, Trog's Hand, Brothers in Arms


You were on level 10 of the Dungeon.
You worshipped Trog.
Trog was greatly pleased with you.
You visited 1 branch of the dungeon, and saw 10 of its levels.

You collected 535 gold pieces.

Inventory:

Hand Weapons
 a - a +0 war axe (weapon)
 b - a +3 trident of freezing
 M - a +2 mace of holy wrath
Missiles
 f - 27 poisoned darts (quivered)
Armour
 i - a +1 tower shield of reflection
 p - a +0 kite shield (worn)
 t - a +0 pair of boots (worn)
 J - a +0 plate armour (worn)
 L - a scarf of shadows (worn)
Wands
 k - a wand of iceblast (9)
 n - a wand of paralysis (9)
 u - a wand of acid (5)
 E - a wand of flame (49)
Scrolls
 e - a scroll of fog
 h - 2 scrolls of fear
 r - 4 scrolls of teleportation
Potions
 c - 3 potions of curing
 d - a potion of invisibility
 g - 2 potions of mutation
 j - 2 potions of berserk rage
 l - 2 potions of lignification {unknown}
 q - 2 potions of haste
 w - 3 potions of flight
 z - 4 potions of might
 C - a potion of magic {unknown}
 F - 2 potions of cancellation
 I - 3 potions of heal wounds
Miscellaneous
 o - a box of beasts (inert)


   Skills:
 - Level 10.0 Fighting
 - Level 16.0 Axes
 - Level 5.0 Armour
 - Level 5.0 Dodging
 + Level 8.7 Shields
 + Level 4.5 Evocations


You had 10 spell levels left.
You didn't know any spells.
Your spell library was empty.

Dungeon Overview and Level Annotations

Branches:
Dungeon (10/15)            Temple (0/1) D:7            Lair (0/6) D:9
    Orc (0/2) D:9

Altars:
Ashenzari
Hepliaklqana
Kikubaaqudgha
Makhleb
Qazlal
Ru
Sif Muna
Xom
Zin
The Shining One

Annotations:
D:4 1 runed translucent door, Crazy Yiuf
D:5 2 transporters


Innate Abilities, Weirdness & Mutations

You have a pair of horns on your head.
You reflexively headbutt those who attack you in melee.


Message History

You hit the tengu warrior but do no damage.
The centaur warrior zombie hits you but does no damage.
You block the centaur warrior zombie's attack.
The tengu warrior hits you but does no damage.
The tengu warrior pecks you but does no damage.
The tengu warrior closely misses you. You block the gargoyle's attack.
You slash the centaur warrior zombie!
The centaur warrior zombie is lightly damaged.
You slash the tengu warrior! You hit the gargoyle but do no damage.
The centaur warrior zombie barely misses you.
You furiously retaliate!
You headbutt the centaur warrior zombie, but do no damage.
The centaur warrior zombie kicks you but does no damage.
You block the gargoyle's attack.
The tengu warrior hits you with a +0 war axe!
The tengu warrior pecks you but does no damage.
The tengu warrior claws you but does no damage.
As you read the scroll of teleportation, it crumbles to dust.
You feel strangely unstable.
You block the centaur warrior zombie's attack.
The centaur warrior zombie kicks you but does no damage.
The gargoyle hits you with a +0 mace. The centaur warrior zombie hits you.
The centaur warrior zombie kicks you but does no damage.
You block the tengu warrior's attack. The tengu warrior pecks you.
You block the tengu warrior's attack.
You hit the gargoyle but do no damage.
The gargoyle is almost destroyed.
You hit the centaur warrior zombie. You completely miss the tengu warrior.
The gargoyle hurls a stone arrow at you.
The stone arrow hits you!!
* * * LOW HITPOINT WARNING * * *
The centaur warrior zombie hits you but does no damage.
The centaur warrior zombie kicks you but does no damage.
The gargoyle hits you with a +0 mace.
* * * LOW HITPOINT WARNING * * *
The centaur warrior zombie hits you but does no damage.
You block the centaur warrior zombie's attack.
The tengu warrior hits you with a +0 war axe!
You die...

....................:........
.....########....#.#.........
#....# #....#...........
####.# #................ #.#
#................ #.#
#................ #>#
##............ #.#####
#...........
####.##..#####.Q@......
..#..........)[9Z>.....
.........#####.........
.^.....................
.......................
..........)............
.......................
...............[.....
...........(........


You could see a tengu warrior, a gargoyle and a centaur warrior zombie.

Vanquished Creatures
  Erica (D:10)
  2 two-headed ogres
  Pikel (D:6)
  Psyche (D:8)
  A troll (D:10)
  Grinder (D:3)
  A hornet (D:8)
  3 yaks (D:9)
  2 wyverns
  2 wraiths
  A basilisk (D:9)
  Edmund (D:6)
  An acid dragon (D:10)
  7 orc warriors
  4 water moccasins
  Duvessa (D:4)
  An ice beast (D:5)
  A sky beast (D:8)
  A necrophage (D:6)
  8 ogres
  5 black bears
  5 centaurs
  3 wolves
  3 phantoms
  A kobold brigand (D:10)
  4 bullfrogs
  4 gnoll sergeants
  Dowan (D:4)
  2 scorpions (D:4)
  A water moccasin zombie (D:5)
  2 water moccasin skeletons (D:6)
  6 killer bees
  13 wights
  A howler monkey (D:6)
  2 bullfrog zombies
  A crimson imp (D:6)
  6 centaur zombies
  An orc priest (D:7)
  A bullfrog skeleton (D:6)
  A centaur skeleton (D:7)
  A hound (D:7)
  3 jellies
  Ijyb (D:4)
  2 iguanas
  Natasha (thrice) (D:3)
  7 orc wizards
  A hound zombie (D:5)
  A mummy (D:5)
  5 howler monkey zombies
  11 gnolls
  A howler monkey skeleton (D:7)
  7 adders
  A white imp (D:7)
  A worm (D:2)
  3 dart slugs
  40 orcs
  7 endoplasms
  2 giant cockroaches
  4 hobgoblins
  4 jackals (D:4)
  4 quokkas
  12 ball pythons
  4 bats
  6 frilled lizards
  6 goblins
  3 hobgoblin zombies (D:5)
  3 kobolds
  A kobold zombie (D:5)
  5 rats
253 creatures vanquished.

Vanquished Creatures (others)
  5 fungi (D:9)
  9 plants (D:9)
14 creatures vanquished.

Grand Total: 267 creatures vanquished

Notes
Turn   | Place    | Note
-------+----------+-------------------------------------------
     0 | D:1      | Tinkle the Minotaur Berserker began the quest for the Orb.
     0 | D:1      | Reached XP level 1. HP: 19/19 MP: 0/0
   296 | D:1      | Reached skill level 4 in Axes
   305 | D:1      | Reached XP level 2. HP: 27/27 MP: 1/1
   986 | D:2      | Reached ** piety under Trog
  1063 | D:2      | Reached XP level 3. HP: 20/34 MP: 2/2
  1252 | D:2      | Found a faded altar of an unknown god.
  1715 | D:3      | Reached skill level 5 in Fighting
  1715 | D:3      | Reached skill level 5 in Axes
  1715 | D:3      | Reached XP level 4. HP: 42/42 MP: 3/3
  2198 | D:3      | Noticed Grinder
  2199 | D:3      | Paralysed by Grinder for 3 turns
  2233 | D:3      | Paralysed by Grinder for 3 turns
  2239 | D:3      | Killed Grinder
  2240 | D:3      | Reached skill level 7 in Axes
  2240 | D:3      | Reached XP level 5. HP: 18/48 MP: 4/4
  2240 | D:3      | Reached XP level 6. HP: 21/56 MP: 5/5
  2250 | D:3      | Noticed Natasha
  2260 | D:4      | Reached skill level 8 in Axes
  2414 | D:3      | Killed Natasha
  2419 | D:3      | Noticed Natasha
  2548 | D:3      | Killed Natasha
  2660 | D:3      | Noticed Natasha
  2673 | D:3      | Killed Natasha
  3113 | D:4      | Noticed Ijyb
  3124 | D:4      | Killed Ijyb
  3162 | D:4      | Reached skill level 9 in Axes
  3162 | D:4      | Reached skill level 1 in Shields
  3162 | D:4      | Reached XP level 7. HP: 54/61 MP: 6/6
  3215 | D:4      | Found a runed translucent door.
  3216 | D:4      | Noticed Crazy Yiuf
  3291 | D:4      | Noticed Duvessa
  3303 | D:4      | Killed Duvessa
  3309 | D:4      | Noticed Dowan
  3322 | D:4      | Killed Dowan
  3383 | D:4      | Found a broken altar of Ashenzari.
  3415 | D:4      | Reached *** piety under Trog
  3546 | D:4      | Noticed an air elemental
  3547 | D:4      | Found a stormy altar of Qazlal.
  3563 | D:4      | Noticed a fire elemental
  3563 | D:4      | Noticed a water elemental
  3671 | D:4      | Reached skill level 10 in Axes
  3688 | D:4      | Reached XP level 8. HP: 66/68 MP: 7/7
  3708 | D:4      | Found a sacrificial altar of Ru.
  3878 | D:5      | Entered Level 5 of the Dungeon
  4188 | D:5      | Reached skill level 11 in Axes
  4260 | D:5      | Found a shimmering blue altar of Sif Muna.
  4261 | D:5      | Noticed a troll
  4263 | D:5      | Found a hazy altar of Hepliaklqana.
  4266 | D:5      | Found a transporter.
  4280 | D:5      | Found a transporter.
  4545 | D:6      | Found a glowing golden altar of the Shining One.
  4620 | D:6      | Noticed Pikel
  4631 | D:6      | Killed Pikel
  4632 | D:6      | Reached skill level 12 in Axes
  4683 | D:6      | Reached XP level 9. HP: 64/74 MP: 8/8
  4715 | D:6      | Reached skill level 5 in Armour
  4876 | D:6      | Found a glowing silver altar of Zin.
  4894 | D:6      | Noticed Edmund
  4903 | D:6      | Killed Edmund
  4904 | D:6      | Reached skill level 5 in Dodging
  5122 | D:6      | Reached skill level 13 in Axes
  5480 | D:6      | Found a burning altar of Makhleb.
  5480 | D:6      | Found a shimmering altar of Xom.
  6195 | D:7      | Reached skill level 14 in Axes
  6324 | D:7      | Found a staircase to the Ecumenical Temple.
  6342 | D:7      | Reached **** piety under Trog
  7507 | D:8      | Reached XP level 10. HP: 83/83 MP: 9/9
  8082 | D:8      | Found an ancient bone altar of Kikubaaqudgha.
  8107 | D:8      | Noticed Psyche
  8118 | D:8      | Killed Psyche
  8119 | D:8      | Reached skill level 15 in Axes
  8798 | D:9      | Found a staircase to the Lair.
  9044 | D:9      | Reached skill level 5 in Shields
  9065 | D:9      | Reached ***** piety under Trog
  9411 | D:9      | Found a staircase to the Orcish Mines.
  9420 | D:9      | Reached skill level 16 in Axes
  9697 | D:9      | Identified the +9 executioner's axe of Mucvaen {flame,
                  | rElec rF+++ Will+ Dex-5} (Trog gifted it to you on level 9
                  | of the Dungeon)
  9697 | D:9      | Received a gift from Trog
 10043 | D:9      | Reached XP level 11. HP: 93/97 MP: 10/10
 10618 | D:9      | Identified a scroll of acquirement
 10618 | D:9      | Acquired a +0 tower shield of reflection
 10696 | D:10     | Entered Level 10 of the Dungeon
 10696 | D:10     | Noticed a two-headed ogre
 10705 | D:9      | Killed a two-headed ogre
 10706 | D:9      | Reached skill level 1 in Evocations
 10903 | D:10     | Reached skill level 10 in Fighting
 11250 | D:10     | Noticed a two-headed ogre
 11298 | D:10     | Killed a two-headed ogre
 11380 | D:10     | Noticed Erica
 11644 | D:10     | Noticed a tengu warrior
 11807 | D:10     | Killed Erica
 11901 | D:10     | Slain by a tengu warrior

Illustrated notes

Levels and vault maps discovered:
D:1:      tarquinn_simple_flora_water_f, layout_basic, serial_bayou_ford_a
D:2:      layout_loops_ring, basic_ecumenical_altar
D:3:      layout_loops_ring, uniq_natasha, uniq_grinder
D:4:      layout_rooms, mainiacjoe_overflow_24_doors, old_standard_altar,
          nicolae_qazlal_style_of_elements, uniq_ijyb, uniq_duvessa,
          uniq_crazy_yiuf_cottage
D:5:      layout_basic, gammafunk_temple_overflow_arena, minmay_mini_ossuary
D:6:      layout_loops_ring, overflow_temple_1_default,
          grunt_temple_overflow_champion_of_chaos, kennysheep_mini_moat,
          minmay_fractal_squares_diagonal_5, uniq_edmund, uniq_pikel
D:7:      layout_loops_ring, minmay_temple_entry_glass,
          kennysheep_generic_room_12
D:8:      layout_gridville, nicolae_kikubaaqudgha_miasma_corner, uniq_psyche
D:9:      layout_basic, minmay_lair_entry_grove,
          kennysheep_orc_monster_closet_entryway
D:10:     minmay_s_stair_smasher, layout_rooms,
          mainiacjoe_overflow_small_starburst, uniq_erica, uniq_erolcha,
          uniq_sonja

Skill      XL: |  1  2  3  4  5  6  7  8  9 10 11 |
---------------+----------------------------------+-----
Fighting       | 4 5 6 9 10 | 10.0
Axes           | 4 5 7 9 10 12 14 16 | 16.0
Shields        | 1 4 5 8 |  8.7
Armour         | 4 5 |  5.0
Dodging        | 4 5 |  5.0
Evocations     | 4 |  4.5

Action                   |  1- 3 |  4- 6 |  7- 9 | 10-12 || total
-------------------------+-------+-------+-------+-------++-------
Melee: Hand axe          |    89 |     6 |       |       ||    95
       Headbutt          |    11 |     9 |    60 |    68 ||   148
       War axe           |       |    55 |   267 |   337 ||   659
Throw: Dart              |       |    15 |    23 |    22 ||    60
Invok: Trog's Hand       |       |     1 |     1 |     3 ||     5
       Berserk           |       |     1 |     1 |     1 ||     3
Evoke: Box of beasts     |       |       |       |     1 ||     1
  Use: Scroll            |       |       |    11 |    15 ||    26
Armor: Ring mail         |     5 |       |       |       ||     5
       Animal skin       |     2 |       |       |       ||     2
       Chain mail        |    28 |    22 |    89 |    17 ||   156
       Plate armour      |       |       |       |   182 ||   182
Dodge: Dodged            |    42 |    25 |    77 |    91 ||   235
Block: Buckler           |       |       |    49 |    13 ||    62
       Kite shield       |       |       |       |   118 ||   118

Table legend: (Time is in decaauts)
 A = Elapsed time spent in this place.
 B = Non-inter-level travel time spent in this place.
 C = Inter-level travel time spent in this place.
 D = Time resting spent in this place.
 E = Time spent auto-exploring this place.
 F = Levels seen in this place.
 G = Mean time per level.
                   A        B        C        D        E       F      G
               +--------+--------+--------+--------+--------+-----+--------+
         Total |  11899 |  11605 |    294 |   4479 |   4790 |  10 | 1189.9 |
       Dungeon |  11899 |  11605 |    294 |   4479 |   4790 |  10 | 1189.9 |
               +--------+--------+--------+--------+--------+-----+--------+

Top non-repeatable levels by time:
     D:9: 2252 daAuts
     D:7: 1472 daAuts
     D:6: 1390 daAuts
     D:3: 1233 daAuts
     D:8: 1189 daAuts
    D:10: 1036 daAuts
     D:2: 1008 daAuts
     D:4: 925 daAuts
     D:1: 744 daAuts
     D:5: 647 daAuts
